 Dungeon Crawl Stone Soup version 0.24.0-1-gfbc8707122 (webtiles) character file.

Game seed: 11780561980257086892, levelgen mode: deterministic

15921 Sphyrna the Geomancer (level 12, -1/73 HPs)
             Began as a Gargoyle Earth Elementalist on Oct 28, 2019.
             Was a High Priest of Okawaru.
             Slain by Snorg (21 damage)
             ... on level 11 of the Dungeon.
             The game lasted 01:28:06 (15797 turns).

Sphyrna the Geomancer (GrEE)                       Turns: 15797, Time: 01:28:07

Health: -1/73      AC: 19    Str: 17    XL:     12   Next: 32%
Magic:  22/22      EV: 17    Int: 21    God:    Okawaru [*****.]
Gold:   564        SH:  0    Dex: 15    Spells: 16/25 levels left

rFire    + . .     SeeInvis .   t - +3 whip (elec)
rCold    + + .     Gourm    .   (no shield)
rNeg     + . .     Faith    .   F - +2 leather armour of Failure {rC+}
rPois    ∞         Spirit   .   h - +2 helmet
rElec    +         Reflect  .   Q - scarf {rC+ rF+}
rCorr    +         Harm     .   H - +0 pair of gloves
MR       .....                  (no boots)
Stlth    +++.......             E - amulet of magic regeneration
HPRegen  0.22/turn              r - +1 ring of slaying
MPRegen  0.43/turn              L - ring of resist corrosion

@: mighty, agile, about to teleport
A: negative energy resistance 1, electricity resistance, unbreathing,
petrification resistance, rot immunity, AC +8
a: Heroism, Finesse, Renounce Religion


You were on level 11 of the Dungeon.
You worshipped Okawaru.
Okawaru was extremely pleased with you.
You were not hungry.

You visited 2 branches of the dungeon, and saw 12 of its levels.
You also visited: Ossuary.

You collected 564 gold pieces.

Inventory:

Hand Weapons
 t - a +3 whip of electrocution (weapon)
   (You took it off Pikel on level 3 of the Dungeon)
 I - a +3 flail of crushing
   (You took it off Edmund on level 5 of the Dungeon)
Missiles
 b - 320 stones
 x - 3 throwing nets {!f}
 M - 15 javelins
 N - 9 silver javelins (quivered)
Armour
 h - a +2 helmet (worn)
   (You found it on level 6 of the Dungeon)
 q - a +0 cloak
   (You found it on level 1 of the Dungeon)
 F - the +2 leather armour of Failure (worn) {rC+}
   (You found it on level 4 of the Dungeon)

   It protects you from cold.
 H - a +0 pair of gloves (worn)
   (You found it on level 5 of the Dungeon)
 J - a +3 leather armour of fire resistance
   (You took it off Edmund on level 5 of the Dungeon)
 Q - a scarf of resistance (worn)
   (Okawaru gifted it to you on level 10 of the Dungeon)
Jewellery
 r - a +1 ring of slaying (left hand)
   (You found it on level 1 of the Dungeon)
 E - an amulet of magic regeneration (around neck)
   (You found it on level 9 of the Dungeon)
 L - a ring of resist corrosion (right hand)
   (You found it on level 6 of the Dungeon)
Wands
 c - a wand of disintegration (13)
   (You found it on level 7 of the Dungeon)
 d - a wand of iceblast (3)
   (You found it on level 5 of the Dungeon)
 u - a wand of paralysis (8)
   (You found it on level 10 of the Dungeon)
 v - a wand of digging (5)
   (You found it on level 9 of the Dungeon)
 C - a wand of polymorph (26)
   (You found it in an ossuary)
Scrolls
 a - 4 scrolls of amnesia
 g - 4 scrolls of teleportation {@r4}
 i - 5 scrolls of fog
 l - 2 scrolls of fear
 n - 5 scrolls of enchant weapon
 o - 5 scrolls of identify {@r1}
 p - 7 scrolls of remove curse {@r2}
 w - 2 scrolls of immolation {unknown}
 y - 4 scrolls of enchant armour {unknown}
 K - a scroll of blinking {unknown}
 P - a scroll of magic mapping {unknown}
Potions
 f - 4 potions of agility
 j - 3 potions of mutation {!q}
 m - 6 potions of heal wounds {@q2}
 s - a potion of haste {@q3}
 z - 3 potions of lignification {!q}
 A - a potion of invisibility
 B - 5 potions of flight
 D - 7 potions of curing {@q1}
 O - 2 potions of magic
Comestibles
 e - 23 rations {!d}


   Skills:
 + Level 7.9 Fighting
   Level 2.1 Short Blades
 + Level 6.2 Maces & Flails
 - Level 6.0 Throwing
 + Level 8.2 Armour
 - Level 1.5 Dodging
 - Level 2.1 Stealth
 + Level 7.0 Spellcasting
 - Level 6.0 Conjurations
   Level 0.7 Transmutations
 * Level 12.5 Earth Magic
 + Level 0.0 Invocations


You had 16 spell levels left.
You knew the following spells:

 Your Spells              Type           Power        Failure   Level  Hunger
a - Sandblast             Erth           ######       1%          1    None
b - Stone Arrow           Conj/Erth      #####.       1%          3    #......
c - Lee's Rapid Deconstr  Erth           ######....   1%          5    #####..

Your spell library contained the following spells:

 Spells                   Type           Power        Failure   Level  Hunger
 Passwall                 Tmut/Erth      #####...     1%          2    None
 Petrify                  Tmut/Erth      #####...     7%          4    ###....
 Dazzling Spray           Conj/Hex       ###...       9%          3    #......
 Corona                   Hex            #......      10%         1    None
 Ensorcelled Hibernation  Hex/Ice        #.....       16%         2    None
 Confuse                  Hex            #.......     30%         3    #......
 Tukima's Dance           Hex            #.......     30%         3    #......


Dungeon Overview and Level Annotations

Branches:
Dungeon (11/15)            Temple (1/1) D:6            Lair (0/6) D:9
    Orc (0/2) D:9         Ossuary (visited)

Altars:
Ashenzari
Cheibriados
Dithmenos
Elyvilon
Fedhas
Gozag
Hepliaklqana
Kikubaaqudgha
Makhleb
Nemelex Xobeh
Okawaru
Qazlal
Ru
Sif Muna
Trog
Uskayaw
Vehumet
Wu Jian
Xom
Yredelemnul
Zin
The Shining One

Shops:
D:4 %   D:6 :   D:8 =(

Annotations:
D:11 Snorg


Innate Abilities, Weirdness & Mutations

You are resistant to torment.
Your stone body is resilient. (AC +8)
You are immune to poison.
You resist negative energy. (rN+)
You are resistant to electric shocks. (rElec)
You can survive without breathing.
You are immune to petrification.
You are immune to rotting.


Message History

There is an open door here.
You now have 564 gold pieces (gained 15).
There is an open door here.
There is an open door here.
Some of the chunks of flesh in your inventory have rotted away.
There is an open door here.
You open the door.
There is an open door here.
All of the chunks of flesh in your inventory have rotted away.
You open the door.
Snorg the Insatiable comes into view.
Okay, then.
Unknown command.
Unknown command.
Here: Snorg (resting)
The floor.
Unknown command.
Unknown command.
Unknown command.
Okay, then.
Okay, then.
Snorg shouts!
You feel agile all of a sudden.
Snorg goes berserk!
You feel very mighty all of a sudden.
Aim: Snorg (berserk, fast, unusually strong)
The blast of sand hits Snorg!
b - 322 stones Snorg bites you!!
Snorg claws you! Snorg closely misses you. Snorg bites you but does no damage.
Snorg completely misses you. Snorg claws you but does no damage.
Aim: Snorg (lightly wounded, berserk, fast, unusually strong)
The blast of sand hits Snorg!!
b - 321 stones Snorg bites you.
Snorg closely misses you. x2
Aim: Snorg (lightly wounded, berserk, fast, unusually strong)
The blast of sand hits Snorg!
b - 320 stones Snorg closely misses you.
Snorg claws you.
* * * LOW HITPOINT WARNING * * *
Snorg claws you but does no damage. Snorg bites you!
* * * LOW HITPOINT WARNING * * *
Snorg claws you but does no damage. x2
Snorg misses you. x2; Snorg claws you.
* * * LOW HITPOINT WARNING * * *
Snorg misses you. Snorg claws you but does no damage. Snorg closely misses you.
As you read the scroll of teleportation {@r4}, it crumbles to dust.
You feel strangely unstable. Snorg misses you. Snorg barely misses you. x2
Snorg bites you!!
You die...

#.....#.......'....
#.....'.......#....
#.....#.......#####
#.....#............
#.....#........†...
#.....#............
#.....#..>.........
#...###............
#.@.# ####.....##'#
#.T.# ...#.....#...
#...#....#.....#...
#...'....#....[#...
#+####.###.... ####
#


You could see Snorg (berserk).

Vanquished Creatures
  2 two-headed ogres
  Pikel (D:3)
  A deep elf mage (D:10)
  2 ugly things (D:11)
  An efreet (D:9)
  A troll (D:8)
  A polar bear (D:10)
  Prince Ribbit (D:7)
  Grinder (D:5)
  4 wyverns (D:9)
  A shadow (D:11)
  A human (D:7)
  16 yaks
  4 hogs (D:7)
  Menkaure (D:7)
  A hungry ghost (D:7)
  An acid dragon (D:8)
  Edmund (D:5)
  2 water moccasins
  5 orc warriors
  A swamp drake (D:9)
  7 ice beasts
  3 slaves (D:4)
  3 black bears
  4 phantoms
  4 sky beasts
  2 eyes of draining
  7 ogres
  2 wolves (D:10)
  2 centaurs
  2 crocodiles
  2 elf zombies (Ossuary)
  3 big kobolds
  2 gnoll sergeants (D:9)
  11 bullfrogs
  4 scorpions
  A hornet simulacrum (D:10)
  2 water moccasin skeletons
  8 wights
  2 electric eels (D:10)
  2 howler monkeys (D:11)
  8 crimson imps
  A quasit (D:6)
  A bullfrog zombie (D:6)
  2 human zombies (Ossuary)
  6 hounds
  A gnoll shaman (D:7)
  4 orc priests
  9 orc wizards
  A bullfrog skeleton (D:9)
  2 centaur skeletons
  2 iguanas (D:10)
  Natasha (thrice) (D:2)
  10 worker ants
  A big kobold zombie (Ossuary)
  A centaur simulacrum (D:10)
  A hound zombie (D:6)
  A hound skeleton (D:6)
  2 mummies (Ossuary)
  2 worker ant zombies
  A howler monkey zombie (D:4)
  30 gnolls
  A howler monkey skeleton (D:3)
  7 adders
  2 hound simulacra (D:10)
  A shadow imp (D:5)
  5 white imps (D:10)
  A worker ant simulacrum (D:10)
  An ooze (D:3)
  3 ufetubi (D:10)
  2 adder zombies
  3 adder skeletons
  A worm (D:5)
  2 dart slugs (D:1)
  2 adder simulacra (D:10)
  41 orcs
  5 bats
  7 giant cockroaches
  6 goblins
  5 hobgoblins
  7 jackals
  2 quokkas
  A frilled lizard (D:3)
  2 goblin zombies (Ossuary)
  7 hobgoblin zombies (Ossuary)
  A jackal skeleton (D:4)
  10 kobolds
  7 kobold zombies (Ossuary)
  A leopard gecko skeleton (D:7)
  13 orc zombies (Ossuary)
  A quokka skeleton (D:8)
  8 rats
  A rat zombie (Ossuary)
367 creatures vanquished.

Vanquished Creatures (others)
  2 orcs
2 creatures vanquished.

Grand Total: 369 creatures vanquished

Notes
Turn   | Place    | Note
-------+----------+-------------------------------------------
     0 | D:1      | Sphyrna the Gargoyle Earth Elementalist began the quest for
                  | the Orb.
     0 | D:1      | Reached XP level 1. HP: 10/10 MP: 3/3
   231 | D:1      | Reached XP level 2. HP: 16/16 MP: 5/5
   612 | D:1      | Reached skill level 4 in Earth Magic
   768 | D:1      | Reached skill level 1 in Armour
   845 | D:2      | Noticed Natasha
   964 | D:2      | Reached skill level 1 in Fighting
   977 | D:2      | Reached XP level 3. HP: 10/20 MP: 2/6
   982 | D:2      | Learned a level 3 spell: Stone Arrow
  1221 | D:2      | Killed Natasha
  1232 | D:2      | Reached XP level 4. HP: 16/25 MP: 4/7
  1390 | D:2      | Noticed Natasha
  1398 | D:2      | Killed Natasha
  1404 | D:2      | Noticed Natasha
  1411 | D:2      | Killed Natasha
  1640 | D:2      | Reached skill level 5 in Earth Magic
  1640 | D:2      | Reached XP level 5. HP: 27/30 MP: 8/8
  2397 | D:3      | Found a shadowy altar of Dithmenos.
  2618 | D:3      | Reached XP level 6. HP: 35/35 MP: 10/10
  2782 | D:3      | Found a snail-covered altar of Cheibriados.
  2986 | D:4      | Found a sand-covered staircase.
  2992 | Ossuary  | Entered an ossuary
  3232 | Ossuary  | Reached skill level 1 in Short Blades
  3232 | Ossuary  | Reached skill level 1 in Conjurations
  3245 | Ossuary  | Reached skill level 1 in Throwing
  3498 | Ossuary  | Reached skill level 6 in Earth Magic
  3498 | Ossuary  | Reached XP level 7. HP: 32/40 MP: 11/11
  3835 | D:4      | Noticed Pikel
  3846 | D:3      | Killed Pikel
  3846 | D:3      | Reached XP level 8. HP: 19/46 MP: 6/13
  4296 | D:4      | Found a shimmering altar of Xom.
  4391 | D:4      | Reached skill level 7 in Earth Magic
  4713 | D:4      | Got a jewelled leather armour
  4724 | D:4      | Identified the +2 leather armour of Failure {rC+} (You
                  | found it on level 4 of the Dungeon)
  4806 | D:4      | Reached skill level 1 in Maces & Flails
  5208 | D:4      | Found Haitwuoz's Food Shop.
  5635 | D:5      | Entered Level 5 of the Dungeon
  5777 | D:5      | Reached XP level 9. HP: 52/52 MP: 15/15
  5839 | D:5      | Noticed Grinder
  6039 | D:5      | Reached skill level 8 in Earth Magic
  6123 | D:5      | Noticed Edmund
  6130 | D:5      | Killed Edmund
  6259 | D:5      | Killed Grinder
  6301 | D:5      | Reached skill level 5 in Armour
  6605 | D:5      | Learned a level 5 spell: Lee's Rapid Deconstruction
  7098 | D:6      | Found Gaabb's Book Shop.
  7300 | D:6      | Found a staircase to the Ecumenical Temple.
  7353 | Temple   | Entered the Ecumenical Temple
  7547 | Temple   | Became a worshipper of Warmaster Okawaru
  7956 | D:7      | Noticed Menkaure
  7960 | D:7      | Killed Menkaure
  7960 | D:7      | Reached * piety under Okawaru
  8190 | D:7      | Reached skill level 5 in Fighting
  8190 | D:7      | Reached skill level 9 in Earth Magic
  8234 | D:7      | Reached skill level 5 in Conjurations
  8241 | D:7      | Found a sacrificial altar of Ru.
  8382 | D:7      | Reached XP level 10. HP: 46/59 MP: 17/17
  8509 | D:7      | Noticed Prince Ribbit
  8515 | D:7      | Killed Prince Ribbit
  8523 | D:7      | Reached skill level 5 in Spellcasting
  8576 | D:7      | Reached ** piety under Okawaru
  8691 | D:7      | Found a basalt altar of Yredelemnul.
  9138 | D:7      | Found a white marble altar of Elyvilon.
  9216 | D:7      | Reached skill level 10 in Earth Magic
  9451 | D:7      | Found a shattered altar of Ashenzari.
  9559 | D:8      | Found Qafeu's Jewellery Boutique.
  9591 | D:8      | Found an ornate altar of the Wu Jian Council.
  9591 | D:8      | Found a blossoming altar of Fedhas.
  9593 | D:8      | Found a hide-covered altar of Uskayaw.
  9593 | D:8      | Found a hazy altar of Hepliaklqana.
  9681 | D:8      | Reached *** piety under Okawaru
  9715 | D:8      | Found Geudikk's Antique Weapon Shop.
 10442 | D:9      | Noticed a two-headed ogre
 10886 | D:8      | Reached XP level 11. HP: 49/64 MP: 19/19
 11161 | D:9      | Reached **** piety under Okawaru
 11161 | D:9      | Reached skill level 5 in Throwing
 11679 | D:9      | Killed a two-headed ogre
 11679 | D:9      | Received a gift from Okawaru
 11679 | D:9      | Reached skill level 11 in Earth Magic
 11962 | D:9      | Found a staircase to the Orcish Mines.
 12028 | D:8      | Reached skill level 5 in Maces & Flails
 12383 | D:9      | Found a staircase to the Lair.
 12407 | D:9      | Received a gift from Okawaru
 12864 | D:10     | Entered Level 10 of the Dungeon
 12894 | D:10     | Reached ***** piety under Okawaru
 13094 | D:10     | Noticed a two-headed ogre
 13538 | D:10     | Killed a two-headed ogre
 13771 | D:10     | Received a gift from Okawaru
 13820 | D:10     | Reached skill level 12 in Earth Magic
 13933 | D:10     | Reached XP level 12. HP: 71/72 MP: 21/21
 15787 | D:11     | Noticed Snorg
 15797 | D:11     | Slain by Snorg

Levels and vault maps discovered:
D:1:      eino_arrival_water_cross, layout_loops_ring
D:2:      cheibrodos_pilgrimage, layout_rooms, minmay_tetromino_i4, uniq_natasha
D:3:      layout_loops_ring, nicolae_overflow_crystal_walls, marbit_many_paths,
          first_ration
D:4:      layout_layer_cave, nicolae_ossuary_entry_plus, serial_shops,
          shop_fountains, led_xom_imps, uniq_pikel
D:5:      wander_river, layout_basic, uniq_edmund, uniq_grinder
D:6:      layout_rooms, temple_fountains, kennysheep_windowed_goal
D:7:      layout_layer_cave, kennysheep_little_box, yredelemnul_altar_generic,
          hangedman_ru_absence, elyvilon_altar_3, grunt_livestock,
          uniq_menkaure, uniq_prince_ribbit1
D:8:      kennysheep_blocky_room, layout_basic,
          chequers_temple_overflow_statue_of_worship, serial_shops,
          nicolae_shop_temple_entry_statues_fountains, nicolae_shop_stone
D:9:      layout_roguey, erik_lair_dragon,
          kennysheep_orc_monster_closet_entryway
D:10:     layout_long_grid, serial_ice, serial_ice_m, serial_ice_i,
          serial_ice_g, serial_ice_h, serial_ice_e, serial_ice_b, serial_ice_o,
          serial_ice_c
D:11:     layout_gridville, uniq_snorg
Temple:   minmay_temple_bridge_abc

Skill      XL: |  1  2  3  4  5  6  7  8  9 10 11 12 |
---------------+-------------------------------------+-----
Earth Magic    | 4 5 6 7 9 10 12 | 12.5
Armour         | 1 2 3 4 5 6 7 8 |  8.2
Fighting       | 1 2 3 4 5 6 7 |  7.9
Short Blades   | 1 2 |  2.1
Conjurations   | 1 2 3 5 6 |  6.0
Throwing       | 1 2 3 4 5 6 |  6.0
Spellcasting   | 3 4 5 6 7 |  7.0
Maces & Flails | 1 3 4 5 6 |  6.2
Dodging        | |  1.5
Stealth        | |  2.1
Transmutations | |  0.7

Action                   |  1- 3 |  4- 6 |  7- 9 | 10-12 || total
-------------------------+-------+-------+-------+-------++-------
Melee: Short sword       |    88 |   254 |    24 |       ||   366
       Whip              |       |       |   286 |   656 ||   942
Throw: Javelin           |       |       |       |     4 ||     4
 Cast: Sandblast         |     4 |    25 |    28 |    94 ||   151
       Stone Arrow       |       |       |    18 |    42 ||    60
  Use: Scroll            |       |       |    12 |    10 ||    22
       Potion            |       |       |       |     2 ||     2
 Stab: Sleeping          |     1 |     1 |     2 |     6 ||    10
       Distracted        |       |       |     1 |       ||     1
  Eat: Chunk             |     1 |     5 |    16 |    26 ||    48
       Ration            |       |     1 |       |       ||     1
Armor: Ring mail         |    40 |   125 |    40 |       ||   205
       Robe              |     2 |       |       |       ||     2
       Leather armour    |       |       |   127 |   333 ||   460
Dodge: Dodged            |    54 |   136 |   172 |   359 ||   721
